 Dungeon Crawl Stone Soup version 0.17.1-1-g73c8601 (webtiles) character file.

1376 Implojin the Grappler (level 8, -7/74 HPs)
             Began as a Troll Berserker on Apr 9, 2016.
             Was a Believer of Trog.
             Mangled by a wight
             ... wielding a +0 falchion
              (8 damage)
             ... while paralysed
             ... on level 7 of the Dungeon.
             The game lasted 00:05:49 (798 turns).

Implojin the Grappler (Troll Berserker)              Turns: 798, Time: 00:05:49

Health: -7/74      AC:  5    Str: 26    XL:     8   Next: 39%
Magic:  7/7        EV:  1    Int:  3    God:    Trog [**....]
Gold:   19         SH:  0    Dex: 11    Spells: 0 memorised, 7 levels left

rFire  . . .     SeeInvis .       - Unarmed
rCold  . . .     Clarity  .     a - +0 animal skin
rNeg   . . .     SustAt   .     (no shield)
rPois  .         Gourm    +     (helmet restricted)
rElec  .         Spirit   .     (no cloak)
rCorr  .         Warding  .     (gloves unavailable)
rMut   .         Stasis   .     (boots unavailable)
MR     .....                    (no amulet)
Stlth  +.........               (no ring)
                                (no ring)

@: paralysed, exhausted, slowed, not resistant to hostile enchantments, very
unstealthy
A: unfitting armour, claws 3, fast metabolism 3, gourmand, regeneration 2,
shaggy fur 1, tough skin 2
a: Berserk, Trog's Hand, Burn Spellbooks, Renounce Religion


You were on level 7 of the Dungeon.
You worshipped Trog.
Trog was pleased with you.
You were very full.

You visited 1 branch of the dungeon, and saw 7 of its levels.

You collected 19 gold pieces.

Inventory:

Hand Weapons
 t - a +3 falchion
Missiles
 q - 4 large rocks (quivered)
 u - 4 tomahawks of returning
Armour
 a - a +0 animal skin (worn)
 v - a +0 large shield
Jewellery
 f - an uncursed amulet of resist corrosion {unknown}
Scrolls
 g - a scroll of fear {unknown}
 h - 2 scrolls of amnesia {unknown}
 i - a scroll of teleportation {unknown}
 j - a scroll of noise {unknown}
 k - 3 scrolls of identify {unknown}
 o - a scroll of enchant weapon {unknown}
Potions
 c - a potion of invisibility {unknown}
 e - a potion of flight {unknown}
 m - a potion of ambrosia {unknown}
 p - a potion of might {unknown}
 s - a potion of brilliance {unknown}
Comestibles
 b - 3 bread rations
 d - 2 fruits
 l - 2 beef jerkies
 n - a meat ration
 r - 2 chunks of flesh


   Skills:
 - Level 2.4 Fighting
 - Level 2.4 Dodging
 * Level 10.7 Unarmed Combat


You had 7 spell levels left.
You didn't know any spells.

Dungeon Overview and Level Annotations

Branches:
Dungeon (7/15)
 Temple: D:4-7

Altars:
Okawaru
Xom


Innate Abilities, Weirdness & Mutations

You are too large for most types of armour.
You have claws for hands.
Your metabolism is lightning-fast.
You like to eat raw meat.
You heal very quickly.
You are covered in fur (AC +1).
You have very tough skin (AC +2).


Message History

A killer bee and a wight come into view.
The killer bee buzzes angrily.
You claw the scorpion!
The scorpion is almost dead.
The scorpion closely misses you.
You completely miss the scorpion.
The scorpion is almost dead. 2 killer bees and a wight come into view.
The killer bee buzzes angrily. x2
You claw the scorpion!
You kill the scorpion!
Trog accepts your kill.
The killer bee moves out of view.
You are too berserk!
Unknown command.
You feel a strong urge to attack something.
You are no longer berserk.
You pass out from exhaustion.
You feel yourself slow down. The killer bee stings you!
* * * LOW HITPOINT WARNING * * *
The killer bee stings you but does no damage.
The killer bee stings you.
* * * LOW HITPOINT WARNING * * *
The killer bee stings you.
* * * LOW HITPOINT WARNING * * *
The killer bee stings you.
* * * LOW HITPOINT WARNING * * *
The killer bee stings you but does no damage.
The killer bee stings you.
* * * LOW HITPOINT WARNING * * *
The killer bee stings you.
* * * LOW HITPOINT WARNING * * *
The killer bee stings you.
* * * LOW HITPOINT WARNING * * *
The killer bee stings you but does no damage.
The killer bee stings you.
* * * LOW HITPOINT WARNING * * *
The wight hits you with a falchion!
You die...

##.##...###.#.# .......
##.##...##....####.......
.................[.......
###..........## #.......
#......#...# #...... y
##....##...#####...# ...
##...##.[###..y.#.#....
#.......(..y#y.†......
####...##)..@yy).....#
#.........#zz......#
#.#.......#.z......#
#..####..#..........# ...
....##........(# .#
.###............#
####.........#
##..#..#.>#


You could see 5 killer bees and 3 wights.

Vanquished Creatures
  Sigmund (D:3)
  3 sky beasts
  An orc warrior (D:6)
  A necrophage (D:6)
  A centaur (D:7)
  A killer bee (D:7)
  2 scorpions
  A wight (D:7)
  A hound (D:5)
  3 orc priests
  3 giant frog skeletons (D:6)
  3 orc wizards (D:6)
  4 worker ants
  3 adders
  A shadow imp (D:6)
  An ooze (D:2)
  An adder skeleton (D:6)
  An adder zombie (D:6)
  3 worms
  15 orcs
  A bat (D:3)
  A giant cockroach (D:3)
  2 goblins
  2 hobgoblins (D:3)
  2 jackals (D:7)
  A giant gecko (D:3)
  A giant newt (D:3)
  A kobold (D:2)
  A rat (D:3)
62 creatures vanquished.

Notes
Turn   | Place    | Note
--------------------------------------------------------------
     0 | D:1      | Implojin the Troll Berserker began the quest for the Orb.
     0 | D:1      | Reached XP level 1. HP: 22/22 MP: 0/0
    52 | D:2      | Reached XP level 2. HP: 26/29 MP: 1/1
    91 | D:2      | Reached skill level 4 in Unarmed Combat
   137 | D:3      | Noticed Sigmund
   161 | D:3      | Found a shimmering altar of Xom.
   163 | D:3      | Reached XP level 3. HP: 36/36 MP: 2/2
   193 | D:3      | Killed Sigmund
   193 | D:3      | Reached skill level 6 in Unarmed Combat
   193 | D:3      | Reached XP level 4. HP: 44/44 MP: 3/3
   193 | D:3      | Reached XP level 5. HP: 50/50 MP: 4/4
   277 | D:3      | Reached ** piety under Trog
   303 | D:4      | Reached XP level 6. HP: 59/59 MP: 5/5
   349 | D:5      | Entered Level 5 of the Dungeon
   354 | D:5      | Reached skill level 7 in Unarmed Combat
   505 | D:6      | Reached skill level 8 in Unarmed Combat
   505 | D:6      | Reached XP level 7. HP: 66/66 MP: 6/6
   555 | D:6      | Reached skill level 9 in Unarmed Combat
   671 | D:6      | Reached XP level 8. HP: 71/74 MP: 7/7
   763 | D:7      | Reached skill level 10 in Unarmed Combat
   778 | D:7      | Found an iron altar of Okawaru.
   798 | D:7      | HP: 1/74 [killer bee (5)]
   798 | D:7      | Mangled by a wight

Action                   |  1- 3 |  4- 6 |  7- 9 || total
-------------------------+-------+-------+-------++-------
Melee: Unarmed           |    43 |    51 |    82 ||   176
Invok: Berserk           |     1 |     1 |     2 ||     4
 Stab: Sleeping          |       |       |     1 ||     1
  Eat: Chunk             |     6 |     3 |     7 ||    16

Table legend:
 A = Turns spent in this place as a percentage of turns spent in the entire game.
 B = Non-inter-level travel turns spent in this place as a percentage of non-inter-level travel turns spent in the entire game.
 C = Inter-level travel turns spent in this place as a percentage of turns spent in this place.
 D = Turns resting spent in this place as a percentage of non-inter-level travel turns spent in this place.
 E = Turns spent auto-exploring this place as a percentage of non-inter-level travel turns spent in this place.
 F = Non-inter-level travel turns spent in this place divided by the number of levels of this place that you've seen.
                   A       B       C       D       E      F
               +-------+-------+-------+-------+-------+----------------------
         Total | 100.0 | 100.0 |   0.0 |   0.0 |   0.0 | 112.3
       Dungeon | 100.0 | 100.0 |   0.0 |   0.0 |   0.0 | 112.3
               +-------+-------+-------+-------+-------+----------------------

Table legend:
 A = Kills in this place as a percentage of kills in entire the game.
 B = Kills by you in this place as a percentage of kills by you in the entire game.
 C = Kills by friends in this place as a percentage of kills by friends in the entire game.
 D = Other kills in this place as a percentage of other kills in the entire game.
 E = Experience gained in this place as a percentage of experience gained in the entire game.
 F = Experience gained in this place divided by the number of levels of this place that you have seen.
                   A       B       C       D       E      F
               +-------+-------+-------+-------+-------+----------------------
         Total | 100.0 | 100.0 |  -nan |  -nan | 100.0 | 280.9
       Dungeon | 100.0 | 100.0 |  -nan |  -nan | 100.0 | 280.9
               +-------+-------+-------+-------+-------+----------------------
